 Dungeon Crawl Stone Soup version 0.21-a0-538-gd16b88a (webtiles) character file.

158 slep the Chopper (level 5, -1/39 HPs)
             Began as a Demonspawn Gladiator on Dec 15, 2017.
             Slain by a killer bee (8 damage)
             ... on level 8 of the Dungeon.
             The game lasted 00:08:43 (2253 turns).

slep the Chopper (Demonspawn Gladiator)             Turns: 2253, Time: 00:08:43

Health: -1/39      AC:  4    Str: 14    XL:     5   Next: 16%
Magic:  5/5        EV: 12    Int: 10    God:
Gold:   135        SH:  3    Dex: 15    Spells: 4/4 levels left

rFire    . . .     SeeInvis .   a - +1 war axe
rCold    . . .     Gourm    .   x - +0 buckler
rNeg     + . .     Faith    .   b - +0 leather armour
rPois    .         Spirit   .   c - +0 helmet
rElec    .         Reflect  .   (no cloak)
rCorr    .         Harm     .   (no gloves)
MR       .....                  (no boots)
Stlth    ++........             (no amulet)
HPRegen  0.13/turn              t - ring of stealth
MPRegen  0.09/turn              A - ring of positive energy

@: lethally poisoned (-1 -> -6)
A: talons 1, foul stench 1, rot immunity
a: no special abilities


You were on level 8 of the Dungeon.
You were very hungry.

You visited 1 branch of the dungeon, and saw 6 of its levels.

You collected 135 gold pieces.

Inventory:

Hand Weapons
 a - a +1 war axe (weapon)
 y - a -3 hand axe
Missiles
 d - 3 throwing nets (quivered)
 k - 52 sling bullets
Armour
 b - a +0 leather armour (worn)
 c - a +0 helmet (worn)
 w - a -2 robe
 x - a +0 buckler (worn)
Jewellery
 t - a ring of stealth (left hand)
 A - a ring of positive energy (right hand)
 C - an uncursed ring of ice
Scrolls
 e - a scroll of noise {unknown}
 g - 4 scrolls of identify
 h - a scroll of enchant armour {unknown}
 j - a scroll of enchant weapon
 s - 3 scrolls of remove curse
 z - a scroll of teleportation {unknown}
 B - 3 scrolls of vulnerability {unknown}
Potions
 i - a potion of haste
 l - 5 potions of heal wounds {unknown}
 m - a potion of might {unknown}
 n - a potion of flight {unknown}
 r - a potion of brilliance {unknown}
 u - a potion of agility {unknown}
Comestibles
 f - 4 bread rations
 q - a meat ration
 v - a royal jelly


   Skills:
 + Level 2.3 Fighting
 + Level 4.1 Axes
 + Level 2.1 Throwing
 + Level 1.6 Armour
 + Level 3.4 Dodging
 + Level 0.3 Stealth


You had 4 spell levels left.
You didn't know any spells.

Dungeon Overview and Level Annotations

Branches:
Dungeon (8/15)
 Temple: D:4-7         Lair: D:8-11

Altars:
Sif Muna
Vehumet

Annotations:
D:3 Zveredith's ghost, amateur DEWz


Innate Abilities, Weirdness & Mutations

You have sharp toenails.
You may emit foul miasma when damaged in melee.
You are immune to rotting.


Message History

Where to? (Enter - D:3, ? - help)
A hound zombie comes into view.
A hippogriff and 3 killer bees come into view.
The hippogriff screeches!
The killer bee buzzes angrily. x2
The killer bee buzzes angrily.
The hound zombie closely misses you.
Found a stone staircase leading up.
The hound zombie completely misses you.
The killer bee stings you but does no damage.
The hound zombie bites you. The killer bee stings you.
The killer bee looks sick.
The killer bee closely misses you. The killer bee stings you.
You are poisoned.
The killer bee poisons you! The killer bee stings you.
The killer bee stings you!
* * * LOW HITPOINT WARNING * * *
You emit a cloud of foul miasma!
The hound zombie closely misses you.
Unknown command.
You feel sick. The killer bee barely misses you. The killer bee stings you!
You die...

*******,*,* #...###.#*,,
,,,,,,,,,,* #........,,,
,,,,,,,,,,* #...###.#*,,
,,,,,,,,,,* #.#.#**,**,,
,,,,,,,,,,* #.#..#*,*,,,
,,,,,,,,,,############.##.#*,*,,,
,,,,,,,,,,#............#*..*,*,,,
,,,,,,,,,*#.......Z....#*#.#,*,,,
,,,,,,,,,*#.....@......# *.#,*,,,
,,,,,,,,,*#.....yyy....#**,,,*,,,
,,,,,>,,,*#.<....H........,,,,,**
,,,,,,,,,*#............###*,,****
,,,,,,,,,*#............#***,,* *
,,,,,,,,,*#............#,,,,>****
,,,,,,****#............#,,,,,,,,*
,,,,,,****#............#,,,,,,,,*
,,,,,,+,,,,,,,,,,,,,,,,*,,,,,,,,*


You could see a hippogriff, 3 killer bees and a hound zombie.

Vanquished Creatures
  A howler monkey (D:2)
  A hound (D:4)
  3 adders
  2 worms (D:2)
  A dart slug (D:1)
  4 leopard geckos
  An orc (D:3)
  A ball python (D:3)
  5 bats
  3 giant cockroaches
  9 goblins
  7 hobgoblins
  2 kobolds (D:2)
  2 quokkas
  4 frilled lizards
  6 rats
52 creatures vanquished.

Vanquished Creatures (others)
  An orc wizard (D:3)
1 creature vanquished.

Grand Total: 53 creatures vanquished

Notes
Turn   | Place    | Note
-------+----------+-------------------------------------------
     0 | D:1      | slep the Demonspawn Gladiator began the quest for the Orb.
     0 | D:1      | Reached XP level 1. HP: 16/16 MP: 1/1
   152 | D:1      | Gained mutation: You are immune to rotting. [demonic ancestry]
   152 | D:1      | Reached XP level 2. HP: 19/22 MP: 2/2
   281 | D:1      | Reached skill level 3 in Axes
   647 | D:2      | Gained mutation: You have sharp toenails. [demonic ancestry]
   647 | D:2      | Reached XP level 3. HP: 27/27 MP: 3/3
   956 | D:2      | Reached skill level 1 in Armour
   956 | D:2      | Reached XP level 4. HP: 10/33 MP: 4/4
  1348 | D:3      | Noticed Zveredith's ghost (amateur DEWz)
  1569 | D:3      | Found a deep blue altar of Sif Muna.
  2004 | D:4      | Reached skill level 4 in Axes
  2004 | D:4      | Gained mutation: You may emit foul miasma when damaged in melee. [demonic ancestry]
  2004 | D:4      | Reached XP level 5. HP: 13/39 MP: 5/5
  2135 | D:4      | Found a radiant altar of Vehumet.
  2137 | D:4      | You fall through a shaft for 2 floors!
  2200 | D:6      | You fall through a shaft for 2 floors!
  2249 | D:8      | Noticed a hippogriff
  2253 | D:8      | Slain by a killer bee

Vault maps used:
D:1:      zaba_arrival_water
D:2:      first_bread
D:3:      minmay_misc_feat_rows, chequers_big_river, st_stairs_1, led_sif_book,
          uniq_grinder
D:4:      kennysheep_little_box
D:6:      nicolae_whirlpool, minmay_temple_entry_junction_2,
          dk_yredelemnul_ordeal
D:8:      serial_shops, nicolae_shop_overgrown_old_shop, uniq_grum

Skill      XL: |  1  2  3  4 |
---------------+-------------+-----
Throwing       | 2 |  2.1
Dodging        | 3 |  3.4
Axes           | 3 4 |  4.1
Armour         | 1 |  1.6
Fighting       | |  2.3
Stealth        | |  0.3

Action                   |  1- 3 |  4- 6 || total
-------------------------+-------+-------++-------
Melee: War axe           |   105 |    36 ||   141
       Kick              |     9 |    11 ||    20
       Hand axe          |       |    18 ||    18
  Use: Scroll            |       |     5 ||     5
 Stab: Sleeping          |     1 |     2 ||     3
  Eat: Chunk             |       |     3 ||     3
Armor: Leather armour    |    27 |    14 ||    41
Dodge: Dodged            |    84 |    47 ||   131
Block: Buckler           |       |     3 ||     3

Table legend:
 A = Spawn XP
 B = Non-spawn XP
 C = Spawn XP percentage of total XP
 D = Spawn monster count
 E = Non-spawn monster count
 F = Spawn count percentage of total count
 G = Total turns spent on level
                    A         B        C        D         E        F      G
               +---------+---------+-------+---------+---------+-------+---------
         Total |       0 |     227 |   0.0 |       0 |      52 |   0.0 |  2253
               +---------+---------+-------+---------+---------+-------+---------
           D:1 |       0 |      36 |   0.0 |       0 |      18 |   0.0 |   632
           D:2 |       0 |     110 |   0.0 |       0 |      25 |   0.0 |   664
           D:3 |       0 |      20 |   0.0 |       0 |       4 |   0.0 |   635
           D:4 |       0 |      59 |   0.0 |       0 |       4 |   0.0 |   206
           D:6 |       0 |       2 |   0.0 |       0 |       1 |   0.0 |    63
               +---------+---------+-------+---------+---------+-------+---------
